BSA
SPRINGFIELD STARS @ HENDERSONVILLE HITMEN
08/16/2024
 
TOP OF THE 1ST
Springfield Stars batting - Pitching for Hendersonville Hitmen : RHP Carlos Hernández
Pitching: RHP Carlos Hernández
Batting: RHB Juan Rodríguez 0-0: Called Strike
0-1: Ball
1-1: Swinging Strike
1-2: Ball
2-2: Foul Ball, location: 2F
2-2: SINGLE (Line Drive, 34D)
Batting: LHB Felipe Guerrero 0-0: Ball
1-0: Ball
2-0: Ball
3-0: Called Strike
3-1: Base on Balls
Juan Rodríguez to second
Batting: RHB Calvin Bennett 0-0: Foul Ball, location: 2F
0-1: Foul Ball, location: 2F
0-2: Ball
1-2: Fly out, F9 (Flyball, 89M)
Batting: LHB Derek Davidson 0-0: Called Strike
0-1: Called Strike
0-2: Grounds into double play, 4-6-3 (Groundball, 4)
Top of the 1st over - 0 run(s), 1 hit(s), 0 error(s), 1 left on base; Springfield 0 - Hendersonville 0
BOTTOM OF THE 1ST
Hendersonville Hitmen batting - Pitching for Springfield Stars : LHP José López
Pitching: LHP José López
Batting: RHB Carlos García 0-0: Ball
1-0: Ball
2-0: Ground out 5-3 (Groundball, 56)
Batting: RHB Alonso Holguín 0-0: Called Strike
0-1: Ground out 6-3 (Groundball, 6S)
Batting: RHB Manolo Román 0-0: Called Strike
0-1: Foul Ball, location: 2F
0-2: Ball
1-2: Foul Ball, location: 2F
1-2: SINGLE (Line Drive, 6D)
Batting: LHB Lorenzo Villa 0-0: Ball
1-0: Swinging Strike
1-1: Foul Ball, location: 2F
1-2: Strikes out swinging
Bottom of the 1st over - 0 run(s), 1 hit(s), 0 error(s), 1 left on base; Springfield 0 - Hendersonville 0
TOP OF THE 2ND
Springfield Stars batting - Pitching for Hendersonville Hitmen : RHP Carlos Hernández
Batting: LHB César Valentín 0-0: Ball
1-0: Ball
2-0: Foul Ball, location: 2F
2-1: Foul Ball, location: 2F
2-2: Foul Ball, location: 2F
2-2: SINGLE (Groundball, 4M) (infield hit)
Batting: LHB Ryan Drake 0-0: Called Strike
0-1: Swinging Strike
0-2: Ball
1-2: Strikes out swinging
Batting: RHB Miguel Salinas 0-0: Ball
1-0: Ball
2-0: Grounds into double play, 5-4-3 (Groundball, 5)
Top of the 2nd over - 0 run(s), 1 hit(s), 0 error(s), 0 left on base; Springfield 0 - Hendersonville 0
BOTTOM OF THE 2ND
Hendersonville Hitmen batting - Pitching for Springfield Stars : LHP José López
Batting: RHB Robert Buckley 0-0: Fly out, F7 (Line Drive, 7M)
Batting: SHB Tony López 0-0: Called Strike
0-1: Ball
1-1: Fly out, F4 (Line Drive, 4MD)
Batting: LHB Pedro Padilla 0-0: Ball
1-0: Foul Ball, location: 2F
1-1: Ball
2-1: Fly out, F8 (Flyball, 8LXD)
Bottom of the 2nd over - 0 run(s), 0 hit(s), 0 error(s), 0 left on base; Springfield 0 - Hendersonville 0
TOP OF THE 3RD
Springfield Stars batting - Pitching for Hendersonville Hitmen : RHP Carlos Hernández
Batting: RHB José Pinto 0-0: Fly out, F7 (Line Drive, 78D)
Batting: LHB Jesús Tobías 0-0: Called Strike
0-1: Ground out 4-3 (Groundball, 4M)
Batting: RHB Juan Rodríguez 0-0: Called Strike
0-1: Ball
1-1: Ball
2-1: Foul Ball, location: 2F
2-2: Ball
3-2: Ground out 6-3 (Groundball, 6M)
Top of the 3rd over - 0 run(s), 0 hit(s), 0 error(s), 0 left on base; Springfield 0 - Hendersonville 0
BOTTOM OF THE 3RD
Hendersonville Hitmen batting - Pitching for Springfield Stars : LHP José López
Batting: RHB Taylor McFarland 0-0: Called Strike
0-1: Ball
1-1: Called Strike
1-2: Ball
2-2: Strikes out looking
Batting: RHB Robert Bly 0-0: Ball
1-0: Called Strike
1-1: Ball
2-1: Ground out 5-3 (Groundball, 56S)
Batting: RHB Carlos García 0-0: Swinging Strike
0-1: Ball
1-1: Called Strike
1-2: Foul Ball, location: 2F
1-2: Ground out 5-3 (Groundball, 5)
Bottom of the 3rd over - 0 run(s), 0 hit(s), 0 error(s), 0 left on base; Springfield 0 - Hendersonville 0
TOP OF THE 4TH
Springfield Stars batting - Pitching for Hendersonville Hitmen : RHP Carlos Hernández
Batting: LHB Felipe Guerrero 0-0: Swinging Strike
0-1: Foul Ball, location: 2F
0-2: Strikes out looking
Batting: RHB Calvin Bennett 0-0: Ground out 6-3 (Groundball, 6)
Batting: LHB Derek Davidson 0-0: Foul Ball, location: 2F
0-1: SOLO HOME RUN (Flyball, 89XD), Distance : 416 ft
Batting: LHB César Valentín 0-0: SOLO HOME RUN (Flyball, 78XD), Distance : 417 ft
Batting: LHB Ryan Drake 0-0: Swinging Strike
0-1: Ball
1-1: Foul Ball, location: 2F
1-2: Ground out 1-3 (Groundball, 13S)
Top of the 4th over - 2 run(s), 2 hit(s), 0 error(s), 0 left on base; Springfield 2 - Hendersonville 0
BOTTOM OF THE 4TH
Hendersonville Hitmen batting - Pitching for Springfield Stars : LHP José López
Batting: RHB Alonso Holguín 0-0: Ball
1-0: Swinging Strike
1-1: Ball
2-1: Fly out, F8 (Flyball, 8LM)
Batting: RHB Manolo Román 0-0: Ball
1-0: Called Strike
1-1: Foul Ball, location: 2F
1-2: Ball
2-2: Ball
3-2: Foul Ball, location: 2F
3-2: SINGLE (Groundball, 6MD)
Batting: LHB Lorenzo Villa 0-0: Ball
1-0: Ball
2-0: Called Strike
2-1: Fly out, F9 (Flyball, 9D)
Batting: RHB Robert Buckley 0-0: Ball
1-0: Ball
2-0: Ball
3-0: Base on Balls
Manolo Román to second
Batting: SHB Tony López 0-0: Ball
1-0: Ball
2-0: SINGLE (Groundball, 34D)
Manolo Román to third
Robert Buckley to second
Runner from 3rd tries for Home, SAFE, no throw or cutoff
Batting: LHB Pedro Padilla 0-0: Fielders Choice at 2nd, U6 (Groundball, 6M)
Bottom of the 4th over - 1 run(s), 2 hit(s), 0 error(s), 2 left on base; Springfield 2 - Hendersonville 1
TOP OF THE 5TH
Springfield Stars batting - Pitching for Hendersonville Hitmen : RHP Carlos Hernández
Batting: RHB Miguel Salinas 0-0: Ball
1-0: Ball
2-0: Fly out, F7 (Flyball, 7D)
Batting: RHB José Pinto 0-0: Swinging Strike
0-1: Ball
1-1: Foul Ball, location: 2F
1-2: Foul Ball, location: 2F
1-2: Strikes out swinging
Batting: LHB Jesús Tobías 0-0: Ball
1-0: Ball
2-0: Called Strike
2-1: Called Strike
2-2: Ball
3-2: Fly out, F3 (Line Drive, 3S)
Top of the 5th over - 0 run(s), 0 hit(s), 0 error(s), 0 left on base; Springfield 2 - Hendersonville 1
BOTTOM OF THE 5TH
Hendersonville Hitmen batting - Pitching for Springfield Stars : LHP José López
Batting: RHB Taylor McFarland 0-0: Ball
1-0: Called Strike
1-1: Ball
2-1: Ball
3-1: Swinging Strike
3-2: Ground out 6-3 (Groundball, 6)
Batting: RHB Robert Bly 0-0: Called Strike
0-1: Ball
1-1: Called Strike
1-2: Ball
2-2: DOUBLE (Line Drive, 7LM)
Batting: RHB Carlos García 0-0: Swinging Strike
0-1: Swinging Strike
0-2: Ball
1-2: Foul Ball, location: 2F
1-2: Ground out 6-3 (Groundball, 6)
Batting: RHB Alonso Holguín 0-0: Ball
1-0: Foul Ball, location: 2F
1-1: Foul Ball, location: 2F
1-2: Strikes out swinging
Bottom of the 5th over - 0 run(s), 1 hit(s), 0 error(s), 1 left on base; Springfield 2 - Hendersonville 1
TOP OF THE 6TH
Springfield Stars batting - Pitching for Hendersonville Hitmen : RHP Carlos Hernández
Batting: RHB Juan Rodríguez 0-0: Ball
1-0: Called Strike
1-1: TRIPLE (Line Drive, 8LXD)
Batting: LHB Felipe Guerrero 0-0: Intentional Walk
Batting: RHB Calvin Bennett 0-0: Fly out, F6 (Popup, 5)
Batting: LHB Derek Davidson 0-0: Called Strike
0-1: Called Strike
0-2: Ball
1-2: Ball
2-2: Foul Ball, location: 2F
2-2: Foul Ball, location: 2F
2-2: Ball
3-2: 3-RUN HOME RUN (Flyball, 8RXD), Distance : 460 ft
Batting: LHB César Valentín 0-0: Ball
1-0: Foul Ball, location: 2F
1-1: Ball
2-1: Ground out 6-3 (Groundball, 6M)
Batting: LHB Ryan Drake 0-0: Fly out, F7 (Popup, 56D)
Top of the 6th over - 3 run(s), 2 hit(s), 0 error(s), 0 left on base; Springfield 5 - Hendersonville 1
BOTTOM OF THE 6TH
Hendersonville Hitmen batting - Pitching for Springfield Stars : LHP José López
Batting: RHB Manolo Román 0-0: Ball
1-0: Foul Ball, location: 2F
1-1: Ground out 5-3 (Groundball, 5)
Batting: LHB Lorenzo Villa 0-0: Ball
1-0: Called Strike
1-1: Called Strike
1-2: Ball
2-2: Ground out 4-3 (Groundball, 34)
Batting: RHB Robert Buckley 0-0: Called Strike
0-1: Swinging Strike
0-2: Foul Ball, location: 2F
0-2: Ball
1-2: Fly out, F7 (Line Drive, 7S)
Bottom of the 6th over - 0 run(s), 0 hit(s), 0 error(s), 0 left on base; Springfield 5 - Hendersonville 1
TOP OF THE 7TH
Springfield Stars batting - Pitching for Hendersonville Hitmen : RHP Carlos Hernández
Batting: RHB Miguel Salinas 0-0: Ball
1-0: Called Strike
1-1: Ground out 6-3 (Groundball, 56)
Batting: RHB José Pinto 0-0: Called Strike
0-1: SINGLE (Groundball, 6MD)
Batting: LHB Jesús Tobías 0-0: Called Strike
0-1: Ball
1-1: Ball
2-1: Foul Ball, location: 2F
2-2: Strikes out swinging
Batting: RHB Juan Rodríguez 0-0: Called Strike
0-1: Ball
1-1: Ball
2-1: Foul Ball, location: 2F
2-2: Strikes out looking
Top of the 7th over - 0 run(s), 1 hit(s), 0 error(s), 1 left on base; Springfield 5 - Hendersonville 1
BOTTOM OF THE 7TH
Hendersonville Hitmen batting - Pitching for Springfield Stars : LHP José López
Batting: SHB Tony López 0-0: Called Strike
0-1: Foul Ball, location: 2F
0-2: Fly out, F9 (Flyball, 9M)
Batting: LHB Pedro Padilla 0-0: Ball
1-0: Ball
2-0: Called Strike
2-1: Ball
3-1: Foul Ball, location: 2F
3-2: Base on Balls
Pitching: LHP Glenn Tutt
Batting: RHB Taylor McFarland 0-0: Foul Ball, location: 2F
0-1: Ball
1-1: Foul Ball, location: 2F
1-2: Grounds into double play, 6-4-3 (Groundball, 6)
Bottom of the 7th over - 0 run(s), 0 hit(s), 0 error(s), 0 left on base; Springfield 5 - Hendersonville 1
TOP OF THE 8TH
Springfield Stars batting - Pitching for Hendersonville Hitmen : RHP Carlos Hernández
Pitching: RHP Jorge Pérez
Batting: LHB Felipe Guerrero 0-0: Ball
1-0: Called Strike
1-1: Foul Ball, location: 2F
1-2: Ball
2-2: Foul Ball, location: 2F
2-2: DOUBLE (Line Drive, 89D)
Batting: RHB Calvin Bennett 0-0: Called Strike
0-1: Ground out 6-3 (Groundball, 6)
Felipe Guerrero to third
Batting: LHB Derek Davidson 0-0: Ball
1-0: Swinging Strike
1-1: Fly out, F7 (Flyball, 78M)
Runner from 3rd tags up, SCORES, no throw
Batting: LHB César Valentín 0-0: Swinging Strike
0-1: Ball
1-1: SOLO HOME RUN (Flyball, 7D), Distance : 393 ft
Batting: LHB Ryan Drake 0-0: Called Strike
0-1: Ball
1-1: Ground out 4-3 (Groundball, 4M)
Top of the 8th over - 2 run(s), 2 hit(s), 0 error(s), 0 left on base; Springfield 7 - Hendersonville 1
BOTTOM OF THE 8TH
Hendersonville Hitmen batting - Pitching for Springfield Stars : LHP Glenn Tutt
Now at SS: David García
Now in LF: Eduardo Alomar
Batting: RHB Robert Bly 0-0: Ball
1-0: Ball
2-0: Foul Ball, location: 2F
2-1: Swinging Strike
2-2: Strikes out swinging
Batting: RHB Carlos García 0-0: Ball
1-0: Ball
2-0: Called Strike
2-1: Fly out, F5 (Popup, 15)
Batting: RHB Alonso Holguín 0-0: Ball
1-0: Called Strike
1-1: Foul Ball, location: 2F
1-2: Foul Ball, location: 2F
1-2: TRIPLE (Flyball, 89XD)
Batting: RHB Manolo Román 0-0: Foul Ball, location: 2F
0-1: Swinging Strike
0-2: Foul Ball, location: 2F
0-2: Foul Ball, location: 2F
0-2: Ball
1-2: Ground out 5-3 (Groundball, 5)
Bottom of the 8th over - 0 run(s), 1 hit(s), 0 error(s), 1 left on base; Springfield 7 - Hendersonville 1
TOP OF THE 9TH
Springfield Stars batting - Pitching for Hendersonville Hitmen : RHP Jorge Pérez
Batting: RHB Miguel Salinas 0-0: Ball
1-0: Ball
2-0: Called Strike
2-1: Called Strike
2-2: Ball
3-2: Fly out, F9 (Line Drive, 9LM)
Batting: RHB José Pinto 0-0: Ball
1-0: Ball
2-0: SINGLE (Groundball, 4MD)
Batting: LHB Jesús Tobías 0-0: Ball
1-0: Called Strike
1-1: Foul Ball, location: 2F
1-2: Strikes out swinging
Batting: RHB Juan Rodríguez 0-0: Ground out 4-3 (Groundball, 34)
Top of the 9th over - 0 run(s), 1 hit(s), 0 error(s), 1 left on base; Springfield 7 - Hendersonville 1
BOTTOM OF THE 9TH
Hendersonville Hitmen batting - Pitching for Springfield Stars : LHP Glenn Tutt
Pitching: RHP José López
Batting: LHB Lorenzo Villa 0-0: Ball
1-0: Foul Ball, location: 2F
1-1: SINGLE (Line Drive, 9LS)
Batting: RHB Robert Buckley 0-0: Foul Ball, location: 2F
0-1: Foul Ball, location: 2F
0-2: Fly out, F9 (Flyball, 9M)
Batting: SHB Tony López 0-0: Called Strike
0-1: Ball
1-1: Called Strike
1-2: Ball
2-2: Fly out, F9 (Flyball, 9LS)
Batting: LHB Pedro Padilla 0-0: Ball
1-0: Ball
2-0: Called Strike
2-1: Fly out, F7 (Popup, 5DF)
Bottom of the 9th over - 0 run(s), 1 hit(s), 0 error(s), 1 left on base; Springfield 7 - Hendersonville 1
This league is powered by Out of the Park Baseball, the baseball management simulation game for PC, Mac and Linux
Saturday, April 9th, 2016 - OOTP Baseball 16.8 Build 38